 Dungeon Crawl Stone Soup version 0.31-a0-750-gfe7b580527 (webtiles) character file.

Game seed: 4326796079434711162

70 freelancePsychic the Ruffian (level 4, -3/33 HPs)
             Began as a Djinni Shapeshifter on Sept 14, 2023.
             Slain by an orc
             ... wielding a +0 club
              (4 damage)
             ... on level 2 of the Dungeon.
             The game lasted 00:02:26 (1502 turns).

freelancePsychic the Ruffian (Djinni Shapeshifter)  Turns: 1502, Time: 00:02:26

Health: -3/33      AC:  2    Str: 13    XL:     4   Next: 45%
Gold:   20         EV: 12    Int: 20    God:
                   SH:  0    Dex: 12

rFire   + + .        m - staff of air
rCold   x . .        (no shield)
rNeg    . . .        a - +0 animal skin
rPois   ∞            (helmet currently unavailable)
rElec   +            (cloak currently unavailable)
rCorr   .            (gloves currently unavailable)
SInv    .            (boots unavailable)
Will    .....        (no amulet)
Stlth   +            k - +6 ring of intelligence
HPRegen 0.25/turn    (no ring)
MPRegen 0.00/turn

%: infuse magic (-4 HP)
@: beast-form, flying
A: beast (slay +1), flying, sickness immunity, fire resistance 2, cold
vulnerability 1, float, innate caster, HP casting, extra vitality 1
a: Begin Untransformation


You were on level 2 of the Dungeon.
You were a hulking beast.
You visited 1 branch of the dungeon, and saw 2 of its levels.

You collected 20 gold pieces.

Inventory:

Armour
 a - a +0 animal skin (worn)
Magical Staves
 m - a staff of air (weapon)
Jewellery
 k - a +6 ring of intelligence (left hand)
Talismans
 c - a beast talisman (active)
 d - a flux talisman
Scrolls
 e - a scroll of amnesia
 h - a scroll of revelation {unknown}
 i - 2 scrolls of identify {@r1}
 n - a scroll of enchant armour {unknown}
Potions
 j - 2 potions of enlightenment


   Skills:
 - Level 1.8 Fighting
 - Level 2.1 Dodging
 - Level 3.0 Unarmed Combat
 * Level 2.3 Spellcasting
 * Level 2.3 Conjurations
 * Level 2.3 Hexes
   Level 0.0 Charms
 * Level 2.3 Summonings
 * Level 2.3 Necromancy
 * Level 2.3 Translocations
 * Level 2.3 Transmutations
 * Level 2.3 Fire Magic
 * Level 2.3 Ice Magic
 * Level 2.3 Air Magic
 * Level 2.3 Earth Magic
 * Level 2.3 Poison Magic
 - Level 2.6 Shapeshifting


You knew the following spells:

 Your Spells              Type           Power      Damage    Failure   Level
a - Magic Dart            Conj           44%        1d5       6%          1
Your spell library was empty.

Dungeon Overview and Level Annotations

Branches:
Dungeon (2/15)

Altars:


Innate Abilities, Weirdness & Mutations

You are a hulking beast.
Your limbs bulge with bestial killing power. (Slay +1)
You are flying.
You are immune to sickness and miasma.
You are immune to poison.
Your flesh is very heat resistant. (rF++)
You are vulnerable to cold. (rC-)
You float through the air rather than walking.
You learn spells naturally, not from books.
Your magical power is your life essence.
You have superior vitality. (+4 MHP)


Message History

The orc hits you with a +0 club.
* * * LOW HITPOINT WARNING * * *
Aiming: Magic Dart (safe; 6% risk of failure)
Press: ? - help, Q - select action Shift-Dir - straight line, f/p - orc
Aim: an orc, wielding a +0 dagger (moderately wounded, 100% to hit)
Okay, then.
Your transformation has ended.
You turn into a tree.
Your +0 animal skin melds into your body.
Your roots penetrate the ground.
The orc hits you but does no damage.
It was a potion of enlightenment.
Your roots keep you in place.
The orc hits you but does no damage.
It was a potion of cancellation.
Your magical effects are unravelling.
You feel magically purged.
Your magical contamination has completely faded away.
You feel less wooden.
Your +0 animal skin unmelds from your body.
You turn into a hulking beast.
Your enlightenment fades.
The orc barely misses you.
It was a potion of magic.
Magic washes over you without effect. The orc hits you with a +0 club.
* * * LOW HITPOINT WARNING * * *
As you read the scroll labelled GOCUAME WYTA, it crumbles to dust.
It is a scroll of identify.
e - a scroll of amnesia The orc misses you.
Unknown command.
Unknown command.
Unknown command.
Unknown command.
Unknown command.
Unknown command.
Unknown command.
Unknown command.
As you read the scroll labelled ROREFI EXILAS, it crumbles to dust.
Wisps of shadow whirl around you...
It was a scroll of summoning.
The orc hits you with a +0 club.
You die...

.# #........#
#.# .#
##.......# #.#
## #.......#
#.# #.......#
#.# #.......#
#.# #.......#
#.# #.......#
#.#
##+#########l#


#.ooo{ohSr# #...######### ......> ######. {. ## You could see an orc wizard, 3
orcs, a friendly adder (summoned), a friendly quokka (summoned) and a friendly
frilled lizard (summoned).

Vanquished Creatures
  2 adders (D:2)
  A dart slug (D:1)
  7 ball pythons
  3 endoplasms
  2 giant cockroaches
  3 hobgoblins
  A quokka (D:2)
  8 bats
  11 goblins
  6 kobolds
  4 rats (D:1)
48 creatures vanquished.

Notes
Turn   | Place    | Note
-------+----------+-------------------------------------------
     0 | D:1      | freelancePsychic the Djinni Shapeshifter began the quest
                  | for the Orb.
     0 | D:1      | Reached XP level 1. HP: 17/17 MP: 0/0
   164 | D:1      | Reached XP level 2. HP: 22/22 MP: 0/0
   261 | D:1      | Reached skill level 1 in Spellcasting
   261 | D:1      | Reached skill level 1 in Conjurations
   261 | D:1      | Reached skill level 1 in Hexes
   261 | D:1      | Reached skill level 1 in Summonings
   261 | D:1      | Reached skill level 1 in Necromancy
   261 | D:1      | Reached skill level 1 in Translocations
   261 | D:1      | Reached skill level 1 in Transmutations
   261 | D:1      | Reached skill level 1 in Fire Magic
   261 | D:1      | Reached skill level 1 in Ice Magic
   261 | D:1      | Reached skill level 1 in Air Magic
   261 | D:1      | Reached skill level 1 in Earth Magic
   261 | D:1      | Reached skill level 1 in Poison Magic
   437 | D:1      | Reached XP level 3. HP: 21/28 MP: 0/0
   437 | D:1      | Learned a level 1 spell: Magic Dart
  1205 | D:2      | Reached XP level 4. HP: 11/33 MP: 0/0
  1500 | D:2      | HP: 1/33 [orc/+0 club (3)]
  1502 | D:2      | Slain by an orc

Illustrated notes

Levels and vault maps discovered:
D:1:      tekkud_arrival_beachfront_property, layout_basic, serial_glass,
          glass_columns_c, glass_columns_a, glass_columns_a, glass_columns_a,
          glass_columns_c, glass_columns_c, minmay_heptomino_d4
D:2:      layout_basic, minmay_goblin_outpost

Skill      XL: |  1  2  3 |
---------------+----------+-----
Spellcasting   | 1 2 |  2.3
Conjurations   | 1 2 |  2.3
Hexes          | 1 2 |  2.3
Summonings     | 1 2 |  2.3
Necromancy     | 1 2 |  2.3
Translocations | 1 2 |  2.3
Transmutations | 1 2 |  2.3
Fire Magic     | 1 2 |  2.3
Ice Magic      | 1 2 |  2.3
Air Magic      | 1 2 |  2.3
Earth Magic    | 1 2 |  2.3
Poison Magic   | 1 2 |  2.3
Fighting       | |  1.8
Dodging        | |  2.1
Unarmed Combat | |  3.0
Shapeshifting  | |  2.6

Action                     |  1- 3 |  4- 6 || total
---------------------------+-------+-------++-------
  Melee: Unarmed           |    47 |       ||    47
         Punch             |     2 |       ||     2
         Staff             |    10 |       ||    10
   Cast: Magic Dart        |    49 |    38 ||    87
    Use: Potion            |       |     4 ||     4
         Scroll            |       |     2 ||     2
 Armour: Animal skin       |    42 |    11 ||    53
         Skin              |       |     2 ||     2
  Dodge: Dodged            |    41 |     6 ||    47

Table legend: (Time is in decaauts)
 A = Elapsed time spent in this place.
 B = Non-inter-level travel time spent in this place.
 C = Inter-level travel time spent in this place.
 D = Time resting spent in this place.
 E = Time spent auto-exploring this place.
 F = Levels seen in this place.
 G = Mean time per level.
                   A        B        C        D        E       F      G
               +--------+--------+--------+--------+--------+-----+--------+
         Total |   1500 |   1445 |     55 |      0 |   1172 |   2 |  750.0 |
       Dungeon |   1500 |   1445 |     55 |      0 |   1172 |   2 |  750.0 |
               +--------+--------+--------+--------+--------+-----+--------+

Top non-repeatable levels by time:
     D:1: 1045 daAuts
     D:2: 454 daAuts
